cohdb
Replays
Latest Replays
All Replays
Popular Replays
Top Player Replays
Match Explorer
How It Works
Community
CoH3 Stats
Reddit
Sign in to upload your games and track your stats! →
Sign in with Steam
Match 47270939
Unlisted
Match 47270939
Overview
Messages
Build Orders
End
Construct Weapon Support Center
M1919 Machine Gun Team
M1919 Machine Gun Team
Construct Barracks
Riflemen Squad
Bazooka Squad
Infantry Support Center
Construct Medical Station
Construct Medical Station
Selects Advanced Infantry Battlegroup
Selects Convert to Ranger Squad
Selects Frontline Medical Station
Frontline Medical Station
Bazooka Squad
Advanced Logistics
M3 Armored Personnel Carrier
Grenade Package
Riflemen Squad
Selects Infantry Assault
Infantry Assault
Ranger Squad
Munitions Surplus
Infantry Assault
M1 Mortar Team
Deplorable Dave
Jewoo
qqnn1202
这游戏太难了
Romaneck
Unsafe
0
0
Comments
sign in to comment!
No comments posted yet!